 Dungeon Crawl Stone Soup version 0.28.0-53-g5a82cb258f (webtiles) character file.

Game seed: 6086684962896401874

4645 Peloso the Carver (level 10, 0/88 HPs)
             Began as a Minotaur Fighter on June 4, 2022.
             Was an Initiate of Okawaru.
             Shot with an arrow by a centaur warrior (16 damage)
             ... on level 8 of the Dungeon.
             The game lasted 00:20:40 (7480 turns).

Peloso the Carver (Minotaur Fighter)                Turns: 7480, Time: 00:20:41

Health: 0/88       AC: 18    Str: 23    XL:     10   Next: 20%
Magic:  9/9        EV:  9    Int:  5    God:    Okawaru [......]
Gold:   325        SH:  5    Dex: 12    Spells: 9/9 levels left

rFire   + . .      SeeInvis .   c - +7 hunting sling of Terror {vorpal, rN+}
rCold   . . .      Faith    .   m - +0 buckler
rNeg    + . .      Spirit   .   E - +6 chain mail of Lifelessness {rF+}
rPois   .          Reflect  .   (helmet restricted)
rElec   .          Harm     .   t - +0 cloak
rCorr   .          Rampage  .   (no gloves)
Will    .....                   (no boots)
Stlth   ..........              (no amulet)
HPRegen 0.24/turn               (no ring)
MPRegen 0.11/turn               (no ring)

@: no status effects
A: horns 2, retaliatory headbutt
a: Renounce Religion


You were on level 8 of the Dungeon.
You worshipped Okawaru.
Okawaru was noncommittal.
You visited 2 branches of the dungeon, and saw 9 of its levels.

You collected 325 gold pieces.

Inventory:

Hand Weapons
 a - a +0 falchion of protection
 b - the +11 short sword "Giantbane" {vorpal, rF+ Str+3}
   (You found it on level 5 of the Dungeon)

   It inflicts extra damage upon your enemies.
   Str:       It affects your strength (+3).
   rF:        It protects you from fire.
 c - the +7 hunting sling of Terror (weapon) {vorpal, rN+}
   (You took it off an orc on level 3 of the Dungeon)

   Any ammunition fired from it inflicts extra damage upon your enemies.
   rN:        It protects you from negative energy.
Missiles
 p - 59 sling bullets (quivered ammo)
 C - a throwing net
Armour
 m - a +0 buckler (worn)
 t - a +0 cloak (worn)
 E - the +6 chain mail of Lifelessness (worn) {rF+}
   (You found it on level 7 of the Dungeon)

   rF:        It protects you from fire.
Jewellery
 h - an amulet of faith
 k - an amulet of the acrobat
 w - an amulet of magic regeneration
 B - a ring of resist corrosion
Wands
 u - a wand of paralysis (6)
 x - a wand of mindburst (19)
 y - a wand of flame (14)
Scrolls
 i - a scroll of vulnerability {unknown}
 j - a scroll of enchant armour {unknown}
 l - a scroll of magic mapping {unknown}
 n - 5 scrolls of identify {unknown}
 q - 2 scrolls of immolation {unknown}
 z - 2 scrolls of fear {unknown}
 A - a scroll of teleportation {unknown}
Potions
 d - a potion of might
 e - a potion of brilliance {unknown}
 f - 2 potions of curing {unknown}
 g - 2 potions of heal wounds {unknown}
 o - 4 potions of resistance {unknown}
 r - 2 potions of lignification {unknown}
 s - a potion of cancellation {unknown}
 v - a potion of flight {unknown}


   Skills:
 + Level 8.1 Fighting
 + Level 9.7 Long Blades
 + Level 8.3 Slings
 + Level 8.8 Armour
 + Level 2.6 Dodging
 + Level 0.7 Stealth
 + Level 5.7 Shields


You had 9 spell levels left.
You didn't know any spells.
Your spell library contained the following spells:

 Spells                   Type           Power      Damage    Failure   Level
 Sandblast                Erth           0%         2d4       99%         1
 Passwall                 Tmut/Erth      0%         N/A       99%         2
 Stone Arrow              Conj/Erth      0%         3d7       100%        3


Dungeon Overview and Level Annotations

Branches:
Dungeon (8/15)             Temple (1/1) D:7
   Lair: D:8-11

Altars:
Ashenzari
Cheibriados
Dithmenos
Elyvilon
Fedhas
Gozag
Hepliaklqana
Kikubaaqudgha
Makhleb
Nemelex Xobeh
Okawaru
Qazlal
Trog
Vehumet
Xom
Yredelemnul
Zin
The Shining One

Shops:
D:5 *   D:7 (


Innate Abilities, Weirdness & Mutations

You have a pair of horns on your head.
You reflexively headbutt those who attack you in melee.


Message History

Fire: 64 sling bullets
Press: ? - help, Q - select action, (/) - cycle Shift-Dir - straight line, f/p - centaur warrior
Aim: a centaur warrior, wielding a +0 shortbow and quivering arrows (77% to hit)
You shoot a sling bullet.
The sling bullet hits the centaur warrior.
The centaur warrior is lightly wounded.
The centaur warrior shoots an arrow.
The arrow closely misses you.
The centaur warrior shoots an arrow.
The arrow hits you!
Fire: 63 sling bullets
Press: ? - help, Q - select action, (/) - cycle Shift-Dir - straight line, f/p - centaur warrior
Aim: a centaur warrior, wielding a +0 shortbow and quivering arrows (lightly wounded, 77% to hit)
You shoot a sling bullet.
The sling bullet hits the centaur warrior but does no damage.
The centaur warrior is lightly wounded.
The centaur warrior shoots an arrow.
The arrow hits you!
You hear an angry growl.
Fire: 62 sling bullets
Press: ? - help, Q - select action, (/) - cycle Shift-Dir - straight line, f/p - centaur warrior
Aim: a centaur warrior, wielding a +0 shortbow and quivering arrows (lightly wounded, 77% to hit)
You shoot a sling bullet.
The sling bullet hits the centaur warrior!
The centaur warrior is moderately wounded.
The centaur warrior shoots an arrow.
The arrow hits you!
Fire: 61 sling bullets
Press: ? - help, Q - select action, (/) - cycle Shift-Dir - straight line, f/p - centaur warrior
Aim: a centaur warrior, wielding a +0 shortbow and quivering arrows (moderately wounded, 77% to hit)
You shoot a sling bullet.
The sling bullet hits the centaur warrior!
The centaur warrior is heavily wounded.
The centaur warrior shoots an arrow.
You block the arrow.
Fire: 60 sling bullets
Press: ? - help, Q - select action, (/) - cycle Shift-Dir - straight line, f/p - centaur warrior
Aim: a centaur warrior, wielding a +0 shortbow and quivering arrows (heavily wounded, 77% to hit)
You shoot a sling bullet.
The sling bullet hits the centaur warrior.
The centaur warrior is heavily wounded.
The centaur warrior shoots an arrow.
The arrow hits you!
* * * LOW HITPOINT WARNING * * *
The centaur warrior shoots an arrow.
The arrow hits you!
You die...

# #. #.. ##..###
######### ..(....
#))))...##
.(.c...##
#.#####....#
#..###)#### .####
##..@.....##.#
##..........# .
########...##....
#......# #.######
#.# #.#####
#...†<# #.....#


You could see a centaur warrior.

Vanquished Creatures
  A cyclops (D:6)
  Prince Ribbit (D:5)
  8 yaks
  2 vampire mosquitoes (D:8)
  A steam dragon (D:7)
  Edmund (D:6)
  2 water moccasins
  2 sky beasts
  An ice beast (D:6)
  An orc warrior (D:7)
  3 necrophages (D:5)
  An ogre (D:6)
  A centaur (D:7)
  3 phantoms
  3 scorpions
  A water moccasin zombie (D:5)
  A killer bee (D:8)
  2 wights (D:8)
  2 howler monkeys
  A centaur zombie (D:7)
  A hound (D:7)
  A jelly (D:7)
  6 orc priests
  A centaur skeleton (D:7)
  A bullfrog skeleton (D:5)
  2 iguanas
  An orc wizard (D:8)
  2 scorpion zombies (D:5)
  Natasha (thrice) (D:2)
  A hound skeleton (D:4)
  A howler monkey zombie (D:5)
  11 adders
  6 gnolls
  A river rat (D:5)
  A white imp (D:6)
  An adder zombie (D:5)
  2 worms
  4 dart slugs
  25 orcs
  4 endoplasms
  4 giant cockroaches
  6 goblins
  3 hobgoblins
  2 jackals (D:1)
  2 quokkas
  3 training dummies (D:7)
  10 ball pythons
  2 bats
  4 frilled lizards
  4 kobolds
  8 rats
161 creatures vanquished.

Vanquished Creatures (others)
  3 bushes (D:5)
  12 plants (D:5)
15 creatures vanquished.

Grand Total: 176 creatures vanquished

Notes
Turn   | Place    | Note
-------+----------+-------------------------------------------
     0 | D:1      | Peloso the Minotaur Fighter began the quest for the Orb.
     0 | D:1      | Reached XP level 1. HP: 19/19 MP: 0/0
   292 | D:1      | Reached XP level 2. HP: 26/27 MP: 1/1
   768 | D:2      | Reached XP level 3. HP: 24/33 MP: 2/2
   943 | D:2      | Found a faded altar of an unknown god.
   976 | D:2      | Noticed Natasha
   976 | D:2      | You fall into a shaft and drop 1 floor!
  1009 | D:3      | Reached skill level 3 in Long Blades
  1140 | D:3      | Identified the +7 hunting sling of Terror {vorpal, rN+}
  1191 | D:3      | Reached XP level 4. HP: 40/40 MP: 3/3
  1595 | D:2      | Killed Natasha
  1630 | D:2      | Noticed Natasha
  1635 | D:2      | Killed Natasha
  1636 | D:2      | Reached skill level 4 in Long Blades
  1636 | D:2      | Reached XP level 5. HP: 29/47 MP: 4/4
  1956 | D:2      | Noticed Natasha
  1968 | D:2      | Killed Natasha
  2316 | D:2      | Reached skill level 5 in Armour
  2654 | D:4      | Found a shadowy altar of Dithmenos.
  2659 | D:4      | Reached skill level 1 in Slings
  2718 | D:4      | Noticed a phantom
  2727 | D:4      | Killed a phantom
  2728 | D:4      | Reached XP level 6. HP: 51/55 MP: 5/5
  2789 | D:4      | Reached skill level 5 in Fighting
  2789 | D:4      | Reached skill level 1 in Dodging
  2920 | D:4      | Reached skill level 5 in Long Blades
  2993 | D:4      | Found a glowing golden altar of the Shining One.
  3200 | D:5      | Entered Level 5 of the Dungeon
  3260 | D:5      | Reached XP level 7. HP: 61/61 MP: 6/6
  3435 | D:5      | Found Maqyn's Assorted Antiques.
  3451 | D:5      | Noticed Prince Ribbit
  3455 | D:5      | Killed Prince Ribbit
  3945 | D:5      | Reached skill level 5 in Slings
  4287 | D:5      | Found a blossoming altar of Fedhas.
  4754 | D:5      | Reached XP level 8. HP: 67/69 MP: 7/7
  4774 | D:5      | Reached skill level 6 in Long Blades
  4774 | D:5      | Reached skill level 5 in Shields
  4972 | D:6      | Reached skill level 7 in Long Blades
  5095 | D:6      | Noticed Edmund
  5099 | D:6      | Killed Edmund
  5265 | D:6      | Reached skill level 8 in Long Blades
  5301 | D:6      | Noticed a cyclops
  5308 | D:6      | Killed a cyclops
  5309 | D:6      | Reached XP level 9. HP: 75/75 MP: 8/8
  5853 | D:5      | Identified the +11 short sword "Giantbane" {vorpal, rF+
                  | Str+3}
  5951 | D:7      | Found a staircase to the Ecumenical Temple.
  5958 | Temple   | Entered the Ecumenical Temple
  6363 | D:7      | Found a stormy altar of Qazlal.
  6499 | D:7      | Found Suzutt's Firing Range.
  6675 | D:7      | Reached skill level 9 in Long Blades
  6708 | D:7      | Reached XP level 10. HP: 48/86 MP: 9/9
  6866 | D:7      | Found an iron altar of Okawaru.
  6868 | D:7      | Identified the +6 chain mail of Lifelessness {rF+}
  6889 | D:7      | Became a worshipper of Warmaster Okawaru
  7248 | D:7      | Found a radiant altar of Vehumet.
  7474 | D:8      | Noticed a centaur warrior
  7480 | D:8      | Shot with an arrow by a centaur warrior

Illustrated notes

Levels and vault maps discovered:
D:1:      amcnicky_arrival_abandoned_market, layout_basic
D:2:      layout_basic, dilly_ecumenical_altar_fadedgnrine, uniq_natasha
D:3:      layout_rooms, minivault_19
D:4:      layout_loops_ring, nicolae_tso_carved_into_rock,
          mainiacjoe_overflow_brackets, kennysheep_generic_room_3
D:5:      layout_layer_cave, fedhas_altar_decomposition, portal_sewer_entry_b,
          nicolae_wooded_promenade, uniq_prince_ribbit1
D:6:      layout_loops_ring, uniq_edmund
D:7:      layout_cave_pods, okawaru_trees_1, grunt_temple_overflow_open,
          minmay_temple_entry_sparse_star, nicolae_shop_firing_range
D:8:      minmay_the_grid_octo_tiled_squarecenter
          [minmay_the_grid_octo_thin_diamonds, minmay_the_grid_octo_pinwheel,
          minmay_the_grid_octo_horde, minmay_the_grid_octo_odd_swirl,
          minmay_the_grid_square_5x5_megaprize_checkered,
          minmay_the_grid_square_5x5_inverted_slash,
          minmay_the_grid_square_5x5_intrusive_squares,
          minmay_the_grid_square_5x5_longway,
          minmay_the_grid_square_5x5_inner_z], layout_loops_cross,
          nicolae_uskayaw_murder_on_the_dancefloor, serial_shops, shop,
          kennysheep_decorative_pillar, palyth_stone_intersect
Temple:   nicolae_temple_x_marks_the_god

Skill      XL: |  1  2  3  4  5  6  7  8  9 10 |
---------------+-------------------------------+-----
Fighting       | 4 5 6 7 8 |  8.1
Shields        | 4 5 |  5.7
Armour         | 4 5 6 7 8 |  8.8
Long Blades    | 3 4 5 8 9 |  9.7
Slings         | 2 3 5 6 8 |  8.3
Dodging        | 1 2 |  2.6
Stealth        | |  0.7

Action                   |  1- 3 |  4- 6 |  7- 9 | 10-12 || total
-------------------------+-------+-------+-------+-------++-------
Melee: Long sword        |    86 |    19 |       |       ||   105
       Headbutt          |     9 |    14 |    43 |    11 ||    77
       Falchion          |       |    89 |   183 |    52 ||   324
 Fire: Hunting sling     |       |    49 |    69 |    20 ||   138
Armor: Scale mail        |    36 |    12 |       |       ||    48
       Chain mail        |       |    48 |    80 |    36 ||   164
       Plate armour      |       |       |    12 |       ||    12
Dodge: Dodged            |    37 |    45 |    42 |    23 ||   147
Block: Buckler           |    20 |    24 |    28 |    19 ||    91
